PL
GRAFTON MIDDIES @ ORLANDO CITY
07/27/2017
 
TOP OF THE 1ST
SC Storm batting - Pitching for Grafton Middies : LHP William Johnson
Pitching: LHP William Johnson
Batting: LHB George Wilcox 0-0: Ground out 6-3 (Groundball, 6M)
Batting: RHB Bob Myers 0-0: Ball
1-0: Foul Ball, location: 2F
1-1: Foul Ball, location: 2F
1-2: Ball
2-2: Ball
3-2: Ground out 4-3 (Groundball, 4)
Batting: LHB Aukukero Mincarlie 0-0: Called Strike
0-1: Foul Ball, location: 2F
0-2: Ball
1-2: Strikes out swinging
Top of the 1st over - 0 run(s), 0 hit(s), 0 error(s), 0 left on base; SC 0 - Grafton 0
BOTTOM OF THE 1ST
Grafton Middies batting - Pitching for SC Storm : RHP Wayne Hurst
Pitching: RHP Wayne Hurst
Batting: RHB José Peña 0-0: Ball
1-0: SINGLE (Groundball, 34D)
Batting: SHB Brent Gaines 0-0: Called Strike
0-1: Ball
1-1: Foul Ball, location: 2F
1-2: Foul Ball, location: 2F
1-2: Reached on error, E4 (Groundball, 34)
José Peña to second
Batting: LHB Tony Dyer 0-0: Fly out, F7 (Line Drive, 7M)
Batting: LHB Guillermo Romero 0-0: Ball
1-0: Ball
José Peña steals 3rd base
2-0: Ball
3-0: Base on Balls
Brent Gaines to second
Batting: LHB Chad Armstrong 0-0: Called Strike
0-1: SINGLE (Flyball, 4MD)
José Peña scores
Brent Gaines to third
Guillermo Romero to second
Runner from 3rd tries for Home, SAFE, throw made home
Batting: SHB Matt Morris 0-0: Called Strike
0-1: Grounds into double play, 1-6-3 (Groundball, 15S)
Bottom of the 1st over - 2 run(s), 2 hit(s), 1 error(s), 2 left on base; SC 0 - Grafton 2
TOP OF THE 2ND
SC Storm batting - Pitching for Grafton Middies : LHP William Johnson
Batting: RHB Kyle Myers 0-0: Foul Ball, location: 2F
0-1: Ball
1-1: Called Strike
1-2: Ball
2-2: Foul Ball, location: 2F
2-2: Foul Ball, location: 2F
2-2: Ground out 5-3 (Groundball, 56S)
Batting: RHB Bryan Carter 0-0: Foul Ball, location: 2F
0-1: Ball
1-1: Swinging Strike
1-2: Strikes out looking
Batting: RHB Randy Battle 0-0: Ground out 1-3 (Groundball, 13S)
Top of the 2nd over - 0 run(s), 0 hit(s), 0 error(s), 0 left on base; SC 0 - Grafton 2
BOTTOM OF THE 2ND
Grafton Middies batting - Pitching for SC Storm : RHP Wayne Hurst
Batting: LHB Luis Gutiérrez 0-0: Called Strike
0-1: Ball
1-1: Swinging Strike
1-2: Foul Ball, location: 2F
1-2: Ball
2-2: Foul Ball, location: 2F
2-2: Ball
3-2: Ground out 5-3 (Groundball, 56)
Batting: RHB Fernando Delgado 0-0: Foul Ball, location: 2F
0-1: DOUBLE (Flyball, 89XD)
Batting: LHB William Johnson 0-0: Ball
1-0: Called Strike
1-1: Fly out, F9 (Line Drive, 89M)
Batting: RHB José Peña 0-0: Ball
1-0: Ground out 1-3 (Groundball, 15)
Bottom of the 2nd over - 0 run(s), 1 hit(s), 0 error(s), 1 left on base; SC 0 - Grafton 2
TOP OF THE 3RD
SC Storm batting - Pitching for Grafton Middies : LHP William Johnson
Batting: RHB Billy Farley 0-0: Called Strike
0-1: Called Strike
0-2: Foul Ball, location: 2F
0-2: Foul Ball, location: 2F
0-2: Ball
1-2: Ball
2-2: Ball
3-2: Ground out 5-3 (Groundball, 5)
Batting: RHB Jorge Rocha 0-0: Ball
1-0: Ball
2-0: Called Strike
2-1: Ball
3-1: Fly out, F8 (Popup, 6MD)
Batting: RHB Wayne Hurst 0-0: Ball
1-0: Ball
2-0: Ball
3-0: Swinging Strike
3-1: Swinging Strike
3-2: Strikes out looking
Top of the 3rd over - 0 run(s), 0 hit(s), 0 error(s), 0 left on base; SC 0 - Grafton 2
BOTTOM OF THE 3RD
Grafton Middies batting - Pitching for SC Storm : RHP Wayne Hurst
Batting: SHB Brent Gaines 0-0: Ball
1-0: Foul Ball, location: 2F
1-1: Fly out, F8 (Flyball, 8LM)
Batting: LHB Tony Dyer 0-0: SINGLE (Groundball, 4MD)
Batting: LHB Guillermo Romero 0-0: Called Strike
0-1: SINGLE (Groundball, 34D)
Tony Dyer to second
Runner from 2nd tries for 3rd, SAFE, throw made to third
Batting: LHB Chad Armstrong 0-0: Called Strike
Throwing error on steal attempt, E2
Tony Dyer scores
Guillermo Romero to third
0-1: Ball
1-1: Called Strike
1-2: Ball
2-2: Strikes out swinging
Batting: SHB Matt Morris 0-0: Ball
1-0: Ball
2-0: Foul Ball, location: 2F
2-1: Foul Ball, location: 2F
2-2: Foul Ball, location: 2F
2-2: Ball
3-2: Base on Balls
Batting: LHB Luis Gutiérrez 0-0: Ball
1-0: Ball
2-0: Ball
3-0: Base on Balls
Matt Morris to second
Batting: RHB Fernando Delgado 0-0: Called Strike
0-1: Called Strike
0-2: Ball
1-2: SINGLE (Groundball, 6MD)
Guillermo Romero scores
Matt Morris to third
Luis Gutiérrez to second
Runner from 3rd tries for Home, SAFE, throw made home
Luis Gutiérrez to third
Fernando Delgado to second
Batting: LHB William Johnson 0-0: Fly out, F6 (Popup, 4MD)
Bottom of the 3rd over - 3 run(s), 3 hit(s), 1 error(s), 2 left on base; SC 0 - Grafton 5
TOP OF THE 4TH
SC Storm batting - Pitching for Grafton Middies : LHP William Johnson
Batting: LHB George Wilcox 0-0: Ball
1-0: Ball
2-0: Called Strike
2-1: SINGLE (Line Drive, 6MD)
Batting: RHB Bob Myers 0-0: Ball
1-0: Foul Ball, location: 2F
1-1: Ball
2-1: Ball
3-1: Foul Ball, location: 2F
3-2: Foul Ball, location: 2F
3-2: SINGLE (Line Drive, 8LS)
George Wilcox to second
Batting: LHB Aukukero Mincarlie 0-0: Foul Ball, location: 2F
0-1: Ball
1-1: Ball
2-1: Foul Ball, location: 2F
2-2: Strikes out swinging
Batting: RHB Kyle Myers 0-0: Ball
1-0: Called Strike
1-1: Swinging Strike
1-2: Strikes out looking
Batting: RHB Bryan Carter 0-0: Ball
1-0: Ball
2-0: Foul Ball, location: 2F
2-1: Foul Ball, location: 2F
2-2: Foul Ball, location: 2F
2-2: Strikes out swinging
Top of the 4th over - 0 run(s), 2 hit(s), 0 error(s), 2 left on base; SC 0 - Grafton 5
BOTTOM OF THE 4TH
Grafton Middies batting - Pitching for SC Storm : RHP Wayne Hurst
Batting: RHB José Peña 0-0: Ball
1-0: Ball
2-0: Fly out, F6 (Popup, 6MD)
Batting: SHB Brent Gaines 0-0: Ball
1-0: Foul Ball, location: 2F
1-1: Ball
2-1: Ball
3-1: Base on Balls
Batting: LHB Tony Dyer 0-0: Called Strike
0-1: Fly out, F7 (Flyball, 78M)
Batting: LHB Guillermo Romero 0-0: Ball
1-0: 2-RUN HOME RUN (Flyball, 89XD), Distance : 412 ft
Pitching: RHP Edward Bailey
Batting: LHB Chad Armstrong 0-0: Ball
1-0: SINGLE (Line Drive, 9LS)
Batting: SHB Matt Morris 0-0: Called Strike
0-1: Ball
1-1: Ball
2-1: Ball
3-1: Called Strike
3-2: Foul Ball, location: 2F
3-2: 2-RUN HOME RUN (Flyball, 9D), Distance : 383 ft
Batting: LHB Luis Gutiérrez 0-0: Ball
1-0: Swinging Strike
1-1: Ball
2-1: Swinging Strike
2-2: Ball
3-2: Strikes out looking
Bottom of the 4th over - 4 run(s), 3 hit(s), 0 error(s), 0 left on base; SC 0 - Grafton 9
TOP OF THE 5TH
SC Storm batting - Pitching for Grafton Middies : LHP William Johnson
Batting: RHB Randy Battle 0-0: Ball
1-0: Foul Ball, location: 2F
1-1: Swinging Strike
1-2: Foul Ball, location: 2F
1-2: Ball
2-2: Strikes out swinging
Batting: RHB Billy Farley 0-0: Ball
1-0: Swinging Strike
1-1: Ball
2-1: Ground out 5-3 (Groundball, 5S)
Batting: RHB Jorge Rocha 0-0: Ball
1-0: Called Strike
1-1: SINGLE (Flyball, 6MD)
Batting: RHB Edward Bailey 0-0: Ground out 6-3 (Groundball, 6)
Top of the 5th over - 0 run(s), 1 hit(s), 0 error(s), 1 left on base; SC 0 - Grafton 9
BOTTOM OF THE 5TH
Grafton Middies batting - Pitching for SC Storm : RHP Edward Bailey
Batting: RHB Fernando Delgado 0-0: Called Strike
0-1: Called Strike
0-2: Ball
1-2: Ball
2-2: Fly out, F8 (Flyball, 8RM)
Batting: LHB William Johnson 0-0: Called Strike
0-1: Called Strike
0-2: Foul Ball, location: 2F
0-2: SINGLE (Groundball, 56D)
Batting: RHB José Peña 0-0: Ball
1-0: Foul Ball, location: 2F
1-1: Ball
2-1: Ball
3-1: Ground out 3-1 (Groundball, 4)
William Johnson to second
Batting: SHB Brent Gaines 0-0: Swinging Strike
0-1: Foul Ball, location: 2F
0-2: Ground out U3 (Groundball, 3S)
Bottom of the 5th over - 0 run(s), 1 hit(s), 0 error(s), 1 left on base; SC 0 - Grafton 9
TOP OF THE 6TH
SC Storm batting - Pitching for Grafton Middies : LHP William Johnson
Batting: LHB George Wilcox 0-0: Ball
1-0: Ball
2-0: Called Strike
2-1: Foul Ball, location: 2F
2-2: Fly out, F8 (Flyball, 8LM)
Batting: RHB Bob Myers 0-0: Ball
1-0: Ball
2-0: Ball
3-0: Called Strike
3-1: Ground out 5-3 (Groundball, 56S)
Batting: LHB Aukukero Mincarlie 0-0: Ball
1-0: Ball
2-0: Ball
3-0: Called Strike
3-1: Swinging Strike
3-2: Strikes out swinging
Top of the 6th over - 0 run(s), 0 hit(s), 0 error(s), 0 left on base; SC 0 - Grafton 9
BOTTOM OF THE 6TH
Grafton Middies batting - Pitching for SC Storm : RHP Edward Bailey
Batting: LHB Tony Dyer 0-0: Called Strike
0-1: Ball
1-1: Ball
2-1: Ball
3-1: Base on Balls
Batting: LHB Guillermo Romero 0-0: Ball
1-0: Ball
2-0: Ball
3-0: Base on Balls
Tony Dyer to second
Batting: LHB Chad Armstrong 0-0: Ball
1-0: Ball
2-0: Swinging Strike
2-1: Foul Ball, location: 2F
2-2: Strikes out swinging
Batting: SHB Matt Morris 0-0: 3-RUN HOME RUN (Flyball, 9LD), Distance : 345 ft
Pitching: LHP Matthew Barnes
Batting: LHB Luis Gutiérrez 0-0: Called Strike
0-1: Ball
1-1: Ball
2-1: Ball
3-1: Swinging Strike
3-2: Strikes out swinging
Batting: RHB Fernando Delgado 0-0: Foul Ball, location: 2F
0-1: Ground out 1-3 (Groundball, 15)
Bottom of the 6th over - 3 run(s), 1 hit(s), 0 error(s), 0 left on base; SC 0 - Grafton 12
TOP OF THE 7TH
SC Storm batting - Pitching for Grafton Middies : LHP William Johnson
Now at C: Jack Tucker
Now in CF: Orlando López
Batting: RHB Kyle Myers 0-0: Ball
1-0: Ball
2-0: Called Strike
2-1: Ground out 5-3 (Groundball, 5S)
Batting: RHB Bryan Carter 0-0: Ball
1-0: Ball
2-0: Swinging Strike
2-1: Ground out 3-1 (Groundball, 34)
Batting: RHB Randy Battle 0-0: Ball
1-0: Ball
2-0: Ball
3-0: Called Strike
3-1: Base on Balls
Batting: RHB Billy Farley 0-0: Ball
1-0: Called Strike
1-1: Ball
2-1: Ball
3-1: Fly out, F4 (Popup, 3D)
Top of the 7th over - 0 run(s), 0 hit(s), 0 error(s), 1 left on base; SC 0 - Grafton 12
BOTTOM OF THE 7TH
Grafton Middies batting - Pitching for SC Storm : LHP Matthew Barnes
Batting: LHB William Johnson 0-0: Swinging Strike
0-1: Swinging Strike
0-2: Hit by Pitch
Batting: RHB José Peña 0-0: Ball
1-0: Called Strike
1-1: Foul Ball, location: 2F
1-2: Ball
2-2: Strikes out looking
Batting: SHB Brent Gaines 0-0: Ball
1-0: Grounds into double play, U6-3 (Groundball, 6M)
Bottom of the 7th over - 0 run(s), 0 hit(s), 0 error(s), 1 left on base; SC 0 - Grafton 12
TOP OF THE 8TH
SC Storm batting - Pitching for Grafton Middies : LHP William Johnson
Batting: RHB Jorge Rocha 0-0: Foul Ball, location: 2F
0-1: Called Strike
0-2: Ball
1-2: SINGLE (Groundball, 6M)
Pinch Hitting: LHB Vern Forrest 0-0: Called Strike
0-1: Ball
1-1: Ball
2-1: Swinging Strike
2-2: Strikes out swinging
Batting: LHB George Wilcox 0-0: Called Strike
0-1: Ball
1-1: Ground out 4-3 (Groundball, 4M)
Jorge Rocha to second
Pitching: RHP Francisco Torres
Batting: RHB Bob Myers 0-0: Foul Ball, location: 2F
0-1: Ball
1-1: Ball
2-1: Ball
Wild Pitch!
Jorge Rocha to third
3-1: Swinging Strike
3-2: Foul Ball, location: 2F
3-2: Fly out, F9 (Flyball, 9M)
Top of the 8th over - 0 run(s), 1 hit(s), 0 error(s), 1 left on base; SC 0 - Grafton 12
BOTTOM OF THE 8TH
Grafton Middies batting - Pitching for SC Storm : LHP Matthew Barnes
Pitching: LHP Alexis Weaver
Batting: LHB Tony Dyer 0-0: Called Strike
0-1: Ball
1-1: Ball
2-1: Ground out 4-3 (Groundball, 34)
Batting: RHB Orlando López 0-0: Ball
1-0: Ball
2-0: Swinging Strike
2-1: Foul Ball, location: 2F
2-2: Fly out, F8 (Popup, 4MD)
Batting: LHB Chad Armstrong 0-0: Foul Ball, location: 2F
0-1: Ball
1-1: Swinging Strike
1-2: Foul Ball, location: 2F
1-2: Ball
2-2: Foul Ball, location: 2F
2-2: Foul Ball, location: 2F
2-2: Hit by Pitch
Batting: RHB Jack Tucker 0-0: Called Strike
0-1: 2-RUN HOME RUN (Flyball, 89XD), Distance : 398 ft
Batting: LHB Luis Gutiérrez 0-0: Foul Ball, location: 2F
0-1: Fly out, F3 (Line Drive, 3L)
Bottom of the 8th over - 2 run(s), 1 hit(s), 0 error(s), 0 left on base; SC 0 - Grafton 14
TOP OF THE 9TH
SC Storm batting - Pitching for Grafton Middies : RHP Francisco Torres
Batting: LHB Aukukero Mincarlie 0-0: Foul Ball, location: 2F
0-1: Foul Ball, location: 2F
0-2: Ball
1-2: Foul Ball, location: 2F
1-2: Strikes out swinging
Batting: RHB Kyle Myers 0-0: SINGLE (Line Drive, 78M)
Batting: RHB Bryan Carter 0-0: Called Strike
0-1: Foul Ball, location: 2F
0-2: Ball
1-2: Ball
2-2: Ball
3-2: SINGLE (Line Drive, 4M)
Kyle Myers to second
Batting: RHB Randy Battle 0-0: Ball
1-0: Ball
2-0: Called Strike
2-1: Swinging Strike
2-2: SINGLE (Flyball, 89S)
Kyle Myers to third
Bryan Carter to second
Batting: RHB Billy Farley 0-0: Ball
1-0: Ball
2-0: Ball
3-0: Called Strike
3-1: Base on Balls
Kyle Myers scores
Bryan Carter to third
Randy Battle to second
Batting: RHB Jorge Rocha 0-0: Ball
1-0: Ball
2-0: Grounds into double play, 6-4-3 (Groundball, 6)
Top of the 9th over - 1 run(s), 3 hit(s), 0 error(s), 3 left on base; SC 1 - Grafton 14
This league is powered by Out of the Park Baseball, the baseball management simulation game for PC, Mac and Linux
Saturday, February 27th, 2021 - OOTP Baseball 15.6 Build 34